 Dungeon Crawl Stone Soup version 0.22.1-2-g9c5b331383 (webtiles) character file.

339 Cykl0x the Chopper (level 6, -2/55 HPs)
             Began as a Minotaur Fighter on Dec 18, 2018.
             Was a Follower of Okawaru.
             Slain by an orc priest
             ... wielding a +0 dagger
              (5 damage)
             ... on level 4 of the Dungeon.
             The game lasted 00:06:40 (2830 turns).

Cykl0x the Chopper (Minotaur Fighter)               Turns: 2830, Time: 00:06:43

Health: -2/55      AC:  8    Str: 21    XL:     6   Next: 29%
Magic:  5/5        EV:  7    Int:  5    God:    Okawaru [*.....]
Gold:   74         SH: 11    Dex: 11    Spells: 5/5 levels left

rFire    . . .     SeeInvis .   a - +0 war axe
rCold    . . .     Gourm    .   c - +1 shield
rNeg     . . .     Faith    .   b - +0 scale mail
rPois    .         Spirit   .   (helmet restricted)
rElec    .         Reflect  .   (no cloak)
rCorr    .         Harm     .   (no gloves)
MR       .....                  l - +0 pair of boots
Stlth    ..........             (no amulet)
HPRegen  0.18/turn              (no ring)
MPRegen  0.09/turn              (no ring)

@: lethally poisoned (-2 -> -5)
A: retaliatory headbutt, horns 2
a: Heroism, Renounce Religion


You were on level 4 of the Dungeon.
You worshipped Okawaru.
Okawaru was aware of your devotion.
You were not hungry.

You visited 1 branch of the dungeon, and saw 4 of its levels.

You collected 74 gold pieces.

Inventory:

Hand Weapons
 a - a +0 war axe (weapon)
Missiles
 i - 163 stones (quivered)
 k - 10 tomahawks
Armour
 b - a +0 scale mail (worn)
 c - a +1 shield (worn)
 l - a +0 pair of boots (worn)
Jewellery
 q - an uncursed amulet of rage {unknown}
Wands
 g - a wand of paralysis (10)
Scrolls
 p - a scroll of teleportation
 r - a scroll of enchant weapon {unknown}
Potions
 d - a potion of might
 e - 2 potions of berserk rage
 h - a potion of lignification
 m - a potion of haste
 n - a potion of curing
 o - a potion of mutation {unknown}
Comestibles
 f - 6 rations


   Skills:
 + Level 4.8 Fighting
 + Level 5.6 Axes
 + Level 5.0 Armour
 + Level 0.3 Dodging
 + Level 0.1 Stealth
 + Level 4.7 Shields


You had 5 spell levels left.
You didn't know any spells.
Your spell library was empty.

Dungeon Overview and Level Annotations

Branches:
Dungeon (4/15)
 Temple: D:4-7

Altars:
Dithmenos
Nemelex Xobeh
Okawaru
Trog
Xom
Yredelemnul
Zin


Innate Abilities, Weirdness & Mutations

You reflexively headbutt those who attack you in melee.
You have a pair of horns on your head.


Message History

You block the hound's attack. The adder bites you but does no damage.
You hit the orc priest but do no damage.
The orc priest is lightly wounded.
Your scale mail prevents you from hitting the hound.
You hit the adder. You barely miss the orc wizard. You slash the orc wizard!
The orc priest begins to cast a cantrip, but forgets the words!
The orc wizard hits you with a dagger. You block the orc wizard's attack.
The hound bites you. The adder bites you.
You are poisoned.
The adder poisons you!
The orc priest calls down the wrath of Beogh upon you.
Pain shoots through your body!
* * * LOW HITPOINT WARNING * * *
* * * LOW HITPOINT WARNING * * *
You feel sick.
The orc wizard mumbles some strange words.
The orc wizard blinks!
The hound bites you.
* * * LOW HITPOINT WARNING * * *
The orc priest hits you with a dagger.
You die...

..........
#.........h ###
#.......... ....
#.......... .....
#..........
......#.........[
.........).......
.....)##hS.......
#..@oo.o.....
................o
.............(...
.................
..........#######
%.........#
..>.......#
###########


You could see a hound, an orc priest, 2 orc wizards and an adder.

Vanquished Creatures
  2 orc priests
  Jessica (D:3)
  Ijyb (D:3)
  Natasha (twice) (D:3)
  An orc wizard (D:3)
  A worker ant (D:3)
  2 adders
  3 worms (D:2)
  7 dart slugs
  3 leopard geckos
  6 orcs
  A ball python (D:2)
  4 giant cockroaches (D:1)
  8 goblins
  14 hobgoblins
  5 jackals
  7 kobolds
  6 bats
  5 frilled lizards
  2 gnoll zombies (D:3)
  6 rats
87 creatures vanquished.

Notes
Turn   | Place    | Note
-------+----------+-------------------------------------------
     0 | D:1      | Cykl0x the Minotaur Fighter began the quest for the Orb.
     0 | D:1      | Reached XP level 1. HP: 19/19 MP: 0/0
   125 | D:1      | Reached XP level 2. HP: 21/27 MP: 1/1
   265 | D:1      | Reached XP level 3. HP: 30/33 MP: 2/2
   878 | D:2      | Found a shimmering altar of Xom.
   878 | D:2      | Found an iron altar of Okawaru.
   882 | D:2      | Became a worshipper of Warmaster Okawaru
  1058 | D:2      | Reached XP level 4. HP: 26/41 MP: 3/3
  1302 | D:2      | Found a glowing silver altar of Zin.
  1447 | D:2      | Found a shadowy altar of Dithmenos.
  1520 | D:3      | Found a bloodstained altar of Trog.
  1534 | D:3      | Noticed Ijyb
  1544 | D:3      | Paralysed by Ijyb for 3 turns
  1552 | D:3      | Killed Ijyb
  1616 | D:3      | Noticed Natasha
  1623 | D:3      | Killed Natasha
  1623 | D:3      | Reached XP level 5. HP: 31/47 MP: 4/4
  2170 | D:3      | Found a sparkling altar of Nemelex Xobeh.
  2182 | D:3      | Reached skill level 5 in Axes
  2366 | D:3      | Noticed Jessica
  2369 | D:3      | Killed Jessica
  2387 | D:3      | Noticed Natasha
  2396 | D:3      | Killed Natasha
  2396 | D:3      | Reached * piety under Okawaru
  2460 | D:3      | Found a basalt altar of Yredelemnul.
  2575 | D:3      | Reached XP level 6. HP: 37/53 MP: 5/5
  2825 | D:4      | Reached skill level 5 in Armour
  2830 | D:4      | Slain by an orc priest

Skill      XL: |  1  2  3  4  5  6 |
---------------+-------------------+-----
Fighting       | 4 |  4.8
Shields        | 4 |  4.7
Armour         | 4 5 |  5.0
Axes           | 3 4 5 |  5.6
Dodging        | |  0.3
Stealth        | |  0.1

Action                   |  1- 3 |  4- 6 || total
-------------------------+-------+-------++-------
Melee: War axe           |    77 |    98 ||   175
       Headbutt          |    14 |    16 ||    30
  Use: Scroll            |     5 |     6 ||    11
       Potion            |       |     2 ||     2
  Eat: Chunk             |     1 |     5 ||     6
Armor: Scale mail        |    42 |    38 ||    80
Dodge: Dodged            |    22 |    26 ||    48
Block: Shield            |    49 |    64 ||   113
